Cogmind - Beta 17 @@@ ROGUE MODE // 2026.07.02 @ 15:14:33 Player: Xo-X0-100101 Result: Destroyed by PJ-RRZ(R) with Subdweller Laser Performance ------------- Evolutions (0) 0 Regions Visited (2) 400 Robots Destroyed (17) 85 Value Destroyed (520) 520 Prototype IDs (2) 40 Alien Tech Used (0) 0 Bonus (0) 0 TOTAL SCORE: 1045 Bonus ------- None Cogmind --------- Core Integrity 0/250 Matter 207/300 Energy 85/100 System Corruption 0% Temperature Cool (6) Movement Treading (240) Ox1 Location -10/Subcaves Parts ------- > --- POWER (1) -------- (None) > --- PROPULSION (2) --- Light Treads > --- UTILITY (2) ------ Large Storage Unit Makeshift Light Armor Plating > --- WEAPON (2) ------- Battle Cannon > --- INVENTORY (15) --- Light Treads Light Treads Spiked Treads Aluminum Leg Aluminum Leg Heat Sink Medium Laser Medium Laser Battle Rifle Battle Rifle Mining Laser Peak State ------------ > --- POWER ------------ Ion Engine > --- PROPULSION ------- Light Treads > --- UTILITY ---------- Large Storage Unit Makeshift Light Armor Plating > --- WEAPON ----------- Light Cannon Light Cannon > --- INVENTORY -------- Light Treads Light Treads Spiked Treads Aluminum Leg Aluminum Leg Heat Sink Medium Laser Medium Laser Battle Rifle Battle Rifle Battle Cannon Mining Laser [Rating: 10] Favorites ----------- Power Ion Engine Engine Ion Engine Propulsion Light Treads Treads Light Treads Leg Aluminum Leg Utility Backup Plating I Storage Large Storage Unit Protection Backup Plating I Weapon Light Cannon Energy Gun Medium Laser Ballistic Gun Light Assault Rifle Ballistic Cannon Light Cannon Special Weapon Mining Laser Build | -11 -10 -10 ------- Run | Yrd Mat Sub Slots Evolved . | . . . Power . | . . . Propulsion . | . . . Utility . | . . . Weapon . | . . . Parts Attached 17 | 7 7 3 Power 1 | 1 . . Engine 1 | 1 . . Core . | . . . Reactor . | . . . Propulsion 4 | 2 2 . Treads 2 | 2 . . Leg 2 | . 2 . Wheel . | . . . Hover . | . . . Flight . | . . . Utility 3 | 1 1 1 Device . | . . . Storage 2 | 1 1 . Processor . | . . . Hackware . | . . . Protection 1 | . . 1 Artifact . | . . . Weapon 9 | 3 4 2 Energy Gun 3 | 3 . . Energy Cannon . | . . . Ballistic Gun 2 | . 2 . Ballistic Cannon 3 | . 2 1 Launcher . | . . . Special Weapon 1 | . . 1 Impact Weapon . | . . . Slashing Weapon . | . . . Piercing Weapon . | . . . Special Melee Weapon . | . . . Unidentified Prototypes . | . . . Parts Lost 5 | . . 5 Power 1 | . . 1 Propulsion 1 | . . 1 Utility 1 | . . 1 Weapon 2 | . . 2 Highest Loss Streak 2 | . . 2 To Critical Strikes 1 | . . 1 Average Backups 9 | 1 6 11 Power . | . . . Propulsion 4 | . 3 4 Utility 1 | . . 1 Weapon 4 | . 2 5 Tool/Special . | . . . Unused Backups 11 | . 4 7 Power . | . . . Propulsion 8 | . 4 4 Utility 1 | . . 1 Weapon 2 | . . 2 Tool/Special . | . . . Average Slot Usage (%) 94 | . 99 92 Engine 13 | . 14 13 Treads 19 | . 11 24 Leg 6 | . 16 . Storage 14 | . 14 14 Protection 13 | . 13 13 Energy Gun 4 | . 11 . Ballistic Gun 1 | . 5 . Ballistic Cannon 19 | . 11 24 Peak Build Rating 10 | 6 7 10 Average Rating 7 | 5 6 8 On Entrance 4 | . 6 7 Avg Prop Armor Cover (%) . | . . . Naked Turns . | . . . Heaviest Build 35 | 14 32 35 Greatest Support 40 | 40 40 40 Greatest Overweight (x) 1 | . 1 1 Average Overweight (x) . | . . . Largest Inventory Capacity 15 | 8 15 15 Average Capacity 13 | 7 10 15 Most Carried 13 | 3 8 13 Average Carried 9 | 1 6 11 Final Capacity 15 | 8 15 15 Final Carried 11 | 3 8 11 Class Distribution -------------------- 100% | Mutant Dominant Class ---------------- Mutant | -10/Materials Mutant | -10/Subcaves Resources | -11 -10 -10 ----------- Run | Yrd Mat Sub Matter Collected 780 | 197 195 388 Remotely . | . . . Salvage Created 392 | . 241 151 Parts 25 | . 16 9 Haulers Intercepted . | . . . Recyclers Shooed . | . . . Parts Field Recycled . | . . . Retrieved Matter . | . . . Parts Self-Destructed 7 | . . 7 Prevented . | . . . Parts Restored . | . . . Kills | -11 -10 -10 ------- Run | Yrd Mat Sub Combat Hostiles Destroyed 14 | . 7 7 Guns 2 | . 2 . Cannons 12 | . 5 7 Classes Destroyed 4 | . 3 1 Watcher 3 | . 3 . Swarmer 3 | . 3 . Grunt 4 | . 4 . Subdweller 7 | . . 7 Best Kill Streak 3 | . 3 2 Combat Bots Only 3 | . 3 2 Max Kills in Single Turn 1 | . 1 1 Gunslinging . | . . . Exploded . | . . . Melee . | . . . Uniques/NPCs Destroyed . | . . . Combat | -11 -10 -10 -------- Run | Yrd Mat Sub Hostile Shots Fired 74 | . 32 42 Missed 19 | . 6 13 Hits 55 | . 26 29 Projectile 55 | . 26 29 Critical Strikes 2 | . . 2 Damage Taken 1100 | . 354 746 Core 267 | . 100 167 Absorbed by Shields . | . . . Core Remaining (%) 100 | 100 . . Volleys Fired 93 | . 26 67 Largest 2 | . 2 2 Hottest 100 | . 100 100 Shots Fired 154 | . 52 102 Gun 28 | . 28 . Cannon 117 | . 24 93 Launcher . | . . . Special 9 | . . 9 Kinetic 127 | . 34 93 Thermal 27 | . 18 9 Explosive . | . . . Electromagnetic . | . . . Robot Hit Streak 15 | . 11 15 Robot Miss Streak 5 | . 5 1 Penetration Max . | . . . Secondary Targets . | . . . Shots Hit Robots 81 | . 26 55 Core Hits 30 | . 15 15 Critical Kills . | . . . Critical Parts Destroyed . | . . . Critical Strikes 4 | . 2 2 Burn 2 | . 2 . Blast 2 | . . 2 Melee Attacks . | . . . Impact . | . . . Slashing . | . . . Piercing . | . . . Sneak Attacks . | . . . Combat Hostiles . | . . . Follow-up Attacks . | . . . Damage Inflicted 1277 | . 343 934 Guns 167 | . 167 . Cannons 1110 | . 176 934 Explosions . | . . . Melee . | . . . Ramming . | . . . Kinetic 1142 | . 208 934 Thermal 135 | . 135 . Explosive . | . . . Electromagnetic . | . . . Impact . | . . . Slashing . | . . . Piercing . | . . . Highest Corruption . | . . . Average Corruption . | . . . Corruption Purged . | . . . Corruption Blocked . | . . . Overload Shots . | . . . Overflow Damage . | . . . Projectiles . | . . . Explosions . | . . . Melee . | . . . Knockbacks 21 | . 4 17 Impact . | . . . Kinetic 21 | . 4 17 Secondary . | . . . Self-Inflicted Damage . | . . . Shots . | . . . Rammed . | . . . Targets Rammed . | . . . Kicked . | . . . Crushed . | . . . Highest Temperature 303 | . 303 . Average Temperature 66 | . 66 . Received Heat Transfer 180 | . 84 96 Siege Activations . | . . . Martial Activations . | . . . Shielding Activations . | . . . Robots Disrupted . | . . . Combat Hostiles . | . . . Robots Corrupted . | . . . Combat Hostiles . | . . . Parts Fried . | . . . Impact Corruptions . | . . . Robots Melted . | . . . Combat Hostiles . | . . . Parts Melted 3 | . 3 . Heat Transferred 555 | . 555 . Parts Sabotaged . | . . . Parts Stolen . | . . . Parts Stripped . | . . . Power Chain Reactions . | . . . Alert | -11 -10 -10 ------- Run | Yrd Mat Sub Maximum Alert Level . | . . . Low Security (%) 100 | 100 100 . Level 1 . | . . . Level 2 . | . . . Level 3 . | . . . Level 4 . | . . . Level 5 . | . . . High Security . | . . . Max Security . | . . . Peak Influence 82 | . 82 . Initial . | . . . Average 9 | . 10 . Influence Increases 243 | . 243 . Destroy 0b10 Robot/C 140 | . 140 . Destroy 0b10 Robot/NC 15 | . 15 . Destroy Leader 36 | . 36 . Successful Hack 19 | . 19 . Destroy Structure 3 | . 3 . Lose Combat Pursuer 30 | . 30 . Influence Decreases 243 | . 177 66 Entered New Map 33 | . . 33 Time Decay 210 | . 177 33 Squads Dispatched . | . . . Investigation . | . . . Extermination . | . . . Reinforcement . | . . . Assault . | . . . Garrison . | . . . Intercept . | . . . Searches Triggered . | . . . Construction Impeded . | . . . Haulers Reinforced . | . . . Active Scanning Responses . | . . . Cargo Convoy Interrupts . | . . . Stealth | -11 -10 -10 --------- Run | Yrd Mat Sub Distress Signals 1 | . 1 . Communications Jammed . | . . . Distress Signals . | . . . Times Spotted 23 | . 12 11 Peak Tracking Total 3 | . 3 3 Tactical Retreats 4 | . 2 2 Traps | -11 -10 -10 ------- Run | Yrd Mat Sub Traps Triggered 5 | . 3 2 Indirectly . | . . . Trap Hack Attempts . | . . . Triggered . | . . . Disarmed . | . . . Reprogrammed . | . . . Reused . | . . . Traps Extracted . | . . . Installed . | . . . Triggered . | . . . Machines | -11 -10 -10 ---------- Run | Yrd Mat Sub Machines Disabled . | . . . Max in Single Turn . | . . . Machines Repaired . | . . . Machines Dismantled . | . . . Machines Sabotaged . | . . . Overloaded Fab Kills . | . . . Hacking | -11 -10 -10 --------- Run | Yrd Mat Sub Machines Accessed 7 | . 6 1 Terminals 5 | . 5 . Fabricators . | . . . Repair Stations 1 | . 1 . Recycling Units . | . . . Scanalyzers . | . . . Garrison Access . | . . . Total Hacks 13 | . 10 3 Successful 7 | . 4 3 Failed 6 | . 6 . Catastrophic 4 | . 4 . Database Lockouts . | . . . Manual 13 | . 8 5 Terminals 8 | . 8 . Fabricators . | . . . Repair Stations 2 | . 2 . Recycling Units . | . . . Scanalyzers . | . . . Garrison Access . | . . . Terminal Hacks 5 | . 2 3 Record 3 | . . 3 Prototype ID Bank 1 | . 1 . Branch Access Points 1 | . 1 . Fabricator Hacks . | . . . Repair Station Hacks 1 | . 1 . Refit 1 | . 1 . Recycling Unit Hacks . | . . . Scanalyzer . | . . . Garrison Access Hacks . | . . . Unauthorized Hacks 1 | . 1 . Terminals . | . . . Fabricators . | . . . Repair Stations 1 | . 1 . Mechanics 1 | . 1 . Recycling Units . | . . . Scanalyzers . | . . . Garrison Access . | . . . Data Cores Recovered . | . . . Used . | . . . Hacking Detections 6 | . 6 . Full Trace Events . | . . . Feedback Events . | . . . Feedback Blocked . | . . . Robot Schematics Acquired . | . . . Robots Built . | . . . Authchips . | . . . Time . | . . . Total Robot Build Rating . | . . . Part Schematics Acquired . | . . . Parts Built . | . . . Authchips . | . . . Time . | . . . Total Part Build Rating . | . . . Part Studies Acquired . | . . . Parts Repaired . | . . . Time . | . . . Parts Recycled . | . . . Recycled Matter . | . . . Retrieved Matter . | . . . Retrieved Components . | . . . Parts Scanalyzed . | . . . Part Schematics Acquired . | . . . Parts Damaged . | . . . Bothacking | -11 -10 -10 ------------ Run | Yrd Mat Sub Used RIF Installer . | . . . Robots Hacked . | . . . Non-combat . | . . . Combat . | . . . Robot Hacks Applied . | . . . Relay Couplers Released . | . . . Fabnet Peak Effective % . | . . . Robots Rewired . | . . . Allies Hacked . | . . . Hacks Repelled . | . . . Allies | -11 -10 -10 -------- Run | Yrd Mat Sub Total Allies . | . . . Largest Group . | . . . Highest-Rated Group . | . . . Highest-Rated Ally . | . . . Total Orders . | . . . Ally Attacks . | . . . Total Damage . | . . . Kills . | . . . Allies Corrupted . | . . . Allies Melted . | . . . Intel | -11 -10 -10 ------- Run | Yrd Mat Sub Active Infowar (turns) . | . . . Robot Analysis Total . | . . . Derelict Logs Recovered 1 | . . 1 Drone Launches . | . . . Drone Recoveries . | . . . Exploration | -11 -10 -10 ------------- Run | Yrd Mat Sub Turns Passed 3518 | 89 1261 2168 Spaces Moved 1880 | 49 721 1110 Core 2 | 2 . . Treads 1447 | 47 290 1110 Legs 431 | . 431 . Wheels . | . . . Hover . | . . . Flight . | . . . Fastest Speed 50 | 50 120 160 Average Speed 159 | 155 136 175 Slowest Speed 240 | 160 190 240 Overloaded Moves . | . . . Propulsion Burnouts . | . . . Robots Hopped . | . . . Potential Cave-ins . | . . . Cave-ins Triggered . | . . . Exploration Rate (%) 40 | 4 65 53 Regions Visited 2 Branch Regions 1 Pre-discovered Areas 1 | . . 1 Known Exits Taken . | . . . Unknown Exits Taken 2 | 1 1 . Scrap Searched . | . . . Spaces Dug . | . . . Terrain Destroyed . | . . . Melee . | . . . Projectile . | . . . AOE . | . . . Terrain Rammed . | . . . Walls Destroyed . | . . . Machines Disabled . | . . . Actions | -11 -10 -10 --------- Run | Yrd Mat Sub Total 2214 | 58 950 1206 Wait 194 | . 174 20 Move 1878 | 48 720 1110 Hop . | . . . Pick Up 19 | 3 11 5 Fast Attach 7 | 6 1 . Attach 2 | . . 2 Detach . | . . . Swap 12 | 1 9 2 Drop 9 | . 9 . Fire 93 | . 26 67 Melee . | . . . Ram . | . . . Kick . | . . . Crush . | . . . Escape Stasis . | . . . Rewire . | . . . Trap . | . . . Miscellaneous . | . . . Route ------- -11/Scrapyard -10/Materials (discovered 4 exits: [*Mat x2] / Min / *Sub) -10/Subcaves (discovered 1 exit: [*Mat]) History --------- Turn | Location | Event 10 | -11/Scrapyard | Discovered new exit (range 16) 90 | -11/Scrapyard | Entered Materials 302 | -10/Materials | Build established: Mutant 832 | -10/Materials | Discovered new exit (range 10) 921 | -10/Materials | Identified exit to Mines 1074 | -10/Materials | Discovered new exit (range 9) 1209 | -10/Materials | Discovered new exit (range 4) 1351 | -10/Materials | Entered Subcaves 1647 | -10/Subcaves | Visited Clippyterm 1652 | -10/Subcaves | Learned Factory trap positions 1748 | -10/Subcaves | Core integrity fell below 50% 1759 | -10/Subcaves | Shifting Twisted Machinery released Sub. Beam Cannon 1772 | -10/Subcaves | Discovered new exit (range 10) 1780 | -10/Subcaves | Shifting Twisted Machinery released Mak. System Shield 2920 | -10/Subcaves | Core integrity fell below 20% 3519 | -10/Subcaves | Destroyed by PJ-RRZ(R) with Subdweller Laser Last Messages --------------- 03091_ Acquired 3 matter. 03094_ Acquired 6 matter. 03110_ A6-NDQ(u) tweaks Twisted Machinery. 03354_ GJ-CW3(R) knocked back. 03360_ GJ-CW3(R) Sub. Laser blasted off. 03360_ GJ-CW3(R) knocked back. 03369_ Acquired 4 matter. 03386_ Acquired 1 matter. 03472_ GJ-CW3(R) affixes Scrap Shield Fragment to Scrap Shield. 03495_ Subatomizers dissect the Sub. Optics. 03506_ PJ-RRZ(R) knocked back. 03507_ Subatomizers dissect the Sub. Optics, destroying it. 03508_ PJ-RRZ(R) knocked back. 03509_ Ion Engine destroyed. 03510_ PJ-RRZ(R) affixes Scrap Shield Fragment to Scrap Shield. 03514_ PJ-RRZ(R) knocked back. 03517_ Lgt. Cannon destroyed. Map ----- +----------------------------------------------------+ | ???????????????## ???## ""???# """## ## | | ???????????????# #??## "#??##" "### | | ????????????????# #### """""#??#""& ##?## | | ????????????????# ## """" #?##% # #???## | | ????????????????## ###""&###????## | | ?????????????????# #?#"""] #??????## | | ????????????????## ##?###" ##???????? | | ????????????????# #???#" " #???????? | | ????????????????# ##??# "#???????? | | ???????????????## #??## ##???????? | | ???????????????# #??#" "##???????? | | ???????????????# ##### #???????? | | ???????????????## ## # #???????? | | ????????????????## ##???????? | | ?????????????????##### ## # ##????????? | | ?????????????????????# ### ####?????????? | | ?????????????????????# ## ### ##????????????? | | ????????????????????## ### #?###?????????????? | | ???????????????????## #### ##?????????????????? | | ???????????????????# #?# #??????????????????? | | ???????????????????# #?###??????????????????? | | ???????????????????# ##??????????????????????? | | ???????????????????# #####????????????????????? | | ??????????????????### ####"##???????????????????? | | ?????????????????## %%## #???????????????????? | | ?????????????????# @ #???????????????????? | | ?????????????????# [ R #???????????????????? | | ?????????????????# R %% "#???????????????????? | | ?????????????????## ####" #??????????????????? | | ###??????????????## ##??#####??????????????????? | | ##????????????## ##??????????????????????????? | | ##???????????#% #######?????????????????????? | | #??###??????## & "#" ##"###????????????????? | | #?## ####????# """" #???????????????? | | ### ## ##???# " ""??????????????? | | #??## ### ##""###""??????????????? | | ##?# #####?"##??????????????????? | | #### ### #??????????????????? | | ## ### ####???????????????? | | ## ## # # ##"?????????????? | | ### ### # #### "?????????????? | | ??# #?# ## ##? #????????????? | | ??## #### ### ### ## ????????????? | | ???###### #?##### ## #?????????????? | | ?????### #????# ##?? #?????????????? | | ###### #????#### #?????#??????????????? | | ## #???????# ## #????????????????????? | | ##???????# ###?###?????#??????????? | | #????????## ### #### #??????????? | | ## #?????????### #???????????? | +----------------------------------------------------+ Best States ------------- Heat Dissipation 25 Energy Generation 10 Energy Capacity 250 Matter Stores 300 Matter Capacity 300 Sight Range 16 Terrain Scan Density 10 Armor Coverage 100 Evasion (%) 55 Recoil Reduction 2 Item Schematics ----------------- None Robot Schematics ------------------ None Fabricated ------------ Nothing Repaired ---------- Nothing Studied --------- None Alien Tech Used ----------------- None Achievements -------------- Fitting Room Challenges ------------ None Game ------ Seed EnhancedArmageddonReplica Manual? 0 Play Time 00:22:23 Cumulative 50.8 hours Start 2026.06.30 @ 03:40:49 End 2026.07.02 @ 15:14:33 Sessions 3 Manual Loads 0 Difficulty Rogue Special Mode None Game No. 71 Rogue 39 Adventurer 32 Explorer 0 Win Type - Total 0 Types 0/0/0/0/0/0/0/0/0/0 Lore% 24 Gallery% 25 Achievement% 21 Wizard Run 0 Options --------- Layout 1 ASCII 0 Keyboard 0 Movement Numpad Keybinds 0 Fullscreen 1 Font 24/Tallcaps Map View 50x35 Zoom Use 3% Tactical HUD 1 Map Filters NONE Filters NONE Steam 1 RUN: 2f1ab43f-1199-4390-85af-d9164011ca56